 Dungeon Crawl Stone Soup version 0.27-a0-1196-g3e9cee4cb2 (webtiles) character file.

Game seed: 1657178589119681368

60 Strat the Skirmisher (level 3, -4/28 HPs)
             Began as a Mummy Artificer on May 27, 2021.
             Slain by an orc
             ... wielding a +0 mace
              (7 damage)
             ... on level 3 of the Dungeon.
             The game lasted 00:03:47 (2096 turns).

Strat the Skirmisher (Mummy Artificer)              Turns: 2096, Time: 00:03:48

Health: -4/28      AC:  3    Str: 16    XL:     3   Next: 80%
Magic:  3/3        EV: 11    Int: 10    God:
Gold:   46         SH:  0    Dex: 12    Spells: 2/2 levels left

rFire    x . .     SeeInvis .   k - +0 short sword
rCold    + . .     Faith    .   (no shield)
rNeg     + + +     Spirit   .   b - +0 leather armour
rPois    ∞         Reflect  .   (no helmet)
rElec    .         Harm     .   (no cloak)
rCorr    .         Rampage  .   (no gloves)
Will     .....                  (no boots)
Stlth    +.........             (no amulet)
HPRegen  0.09/turn              (no ring)
MPRegen  0.08/turn              (no ring)

@: no status effects
A: cold resistance 1, negative energy resistance 3, torment resistance 2, heat
vulnerability 1, no potions
a: no special abilities


You were on level 3 of the Dungeon.
You visited 1 branch of the dungeon, and saw 3 of its levels.

You collected 46 gold pieces.

Inventory:

Hand Weapons
 a - a +0 whip
 f - a +0 club
 k - a +0 short sword (weapon)
Missiles
 g - 52 stones
Armour
 b - a +0 leather armour (worn)
Wands
 d - a wand of charming (15)
Scrolls
 h - a scroll of vulnerability {unknown}
 i - 4 scrolls of identify {unknown}
 j - a scroll of teleportation
Miscellaneous
 e - a piece from Xom's chessboard (15/15)


   Skills:
 + Level 2.9 Fighting
 - Level 1.6 Maces & Flails
 - Level 1.5 Armour
 - Level 0.7 Dodging
 - Level 0.7 Stealth
 - Level 2.4 Evocations


You had 2 spell levels left.
You didn't know any spells.
Your spell library was empty.

Dungeon Overview and Level Annotations

Branches:
Dungeon (3/15)

Altars:

Annotations:
D:2 Terence


Innate Abilities, Weirdness & Mutations

You are immune to poison.
Your flesh is cold resistant. (rC+)
You are immune to negative energy. (rN+++)
You are immune to unholy pain and torment.
You are vulnerable to heat. (rF-)
You do not drink.


Message History

The orc is heavily wounded.
The orc hits you but does no damage.
You barely miss the orc.
The orc is heavily wounded.
The orc closely misses you.
You hit the orc.
The orc is severely wounded.
The orc closely misses you. The orc hits you with a +0 mace.
* * * LOW HITPOINT WARNING * * *
You hit the orc but do no damage.
The orc is severely wounded.
The orc hits you with a +0 mace.
* * * LOW HITPOINT WARNING * * *
You don't have any such object.
Evoke which item? (* to show all) (? for menu, Esc to quit)
That's the wrong kind of item! (Use * to select it.) Evoke which item? (* to show all) (? for menu, Esc to quit)
That's the wrong kind of item! (Use * to select it.) Evoke which item? (* to show all) (? for menu, Esc to quit)
That's the wrong kind of item! (Use * to select it.) Evoke which item? (* to show all) (? for menu, Esc to quit)
You don't have any such object.
Evoke which item? (* to show all) (? for menu, Esc to quit)
You don't have any such object.
Evoke which item? (* to show all) (? for menu, Esc to quit)
Okay, then.
You closely miss the orc.
The orc is severely wounded.
The orc hits you but does no damage.
You completely miss the orc.
The orc is severely wounded.
The orc hits you with a +0 mace!
* * * LOW HITPOINT WARNING * * *
You closely miss the orc.
The orc is severely wounded.
The orc barely misses you.
You hit the orc but do no damage.
The orc is severely wounded.
The orc hits you with a +0 mace!
You die...

#.## #... # #..#
#.###..###
.o#........
#.......# # #. #.#
##.#.###.#####
........)o@..#.#
.>.....<)###.......
...................
.###.###.#####.#.<.
#. #.# .....
........# ##.#
###...!.. #
#####.## #.#


You could see an orc.

Vanquished Creatures
  An adder (D:3)
  A worm (D:2)
  A dart slug (D:1)
  3 orcs (D:3)
  4 ball pythons (D:1)
  2 bats (D:1)
  2 endoplasms
  2 giant cockroaches
  2 goblins (D:1)
  2 hobgoblins
  8 jackals
  4 kobolds
  A quokka (D:1)
  2 frilled lizards (D:1)
  2 rats
37 creatures vanquished.

Notes
Turn   | Place    | Note
-------+----------+-------------------------------------------
     0 | D:1      | Strat the Mummy Artificer began the quest for the Orb.
     0 | D:1      | Reached XP level 1. HP: 15/15 MP: 1/1
   368 | D:1      | Reached XP level 2. HP: 18/22 MP: 2/2
   778 | D:1      | Reached skill level 1 in Maces & Flails
  1315 | D:1      | Reached XP level 3. HP: 27/27 MP: 3/3
  1411 | D:2      | Found a faded altar of an unknown god.
  1908 | D:2      | Noticed Terence
  2096 | D:3      | Slain by an orc

Illustrated notes

Levels and vault maps discovered:
D:1:      mrwooster_arrival_arrow, layout_loops_ring
D:2:      layout_rooms, shapermc_ecumenical_altar_starsandcircs, uniq_terence
D:3:      layout_loops_ring, tgw_kikubaaqudgha, minitemple, serial_shops, shop,
          uniq_sigmund

Skill      XL: |  1  2 |
---------------+-------+-----
Maces & Flails | 1 |  1.6
Fighting       | 2 |  2.9
Armour         | |  1.5
Dodging        | |  0.7
Stealth        | |  0.7
Evocations     | |  2.4

Action                   || total
-------------------------++-------
Melee: Club              ||    17
       Whip              ||    95
       Short sword       ||    26
Evoke: Wand              ||    15
  Use: Scroll            ||     1
 Stab: Sleeping          ||     2
Armor: Leather armour    ||    32
Dodge: Dodged            ||    74

Table legend: (Time is in decaauts)
 A = Elapsed time spent in this place.
 B = Non-inter-level travel time spent in this place.
 C = Inter-level travel time spent in this place.
 D = Time resting spent in this place.
 E = Time spent auto-exploring this place.
 F = Levels seen in this place.
 G = Mean time per level.
                   A        B        C        D        E       F      G
               +--------+--------+--------+--------+--------+-----+--------+
         Total |   2106 |   2072 |     34 |    953 |    652 |   3 |  702.0 |
       Dungeon |   2106 |   2072 |     34 |    953 |    652 |   3 |  702.0 |
               +--------+--------+--------+--------+--------+-----+--------+

Top non-repeatable levels by time:
     D:1: 1362 daAuts
     D:2: 571 daAuts
     D:3: 173 daAuts
